 Dungeon Crawl Stone Soup version 0.31-a0-183-g4352c244c2 (webtiles) character file.

Game seed: 1589055860807821855

602 Hajna the Cleaver (level 7, -2/61 HPs)
             Began as a Hill Orc Monk on June 21, 2023.
             Was a Believer of Beogh.
             Slain by a hound (5 damage)
             ... on level 5 of the Dungeon on June 22, 2023.
             The game lasted 00:11:04 (3513 turns).

Hajna the Cleaver (Hill Orc Monk)                   Turns: 3513, Time: 00:11:05

Health: -2/61      AC: -1    Str: 16    XL:     7   Next: 41%
Magic:  8/8        EV: 13    Int: 10    God:    Beogh [**....]
Gold:   2          SH:  0    Dex: 19    Spells: 6/6 levels left

rFire   . . .        a - +0 hand axe
rCold   . . .        d - orb {light}
rNeg    . . .        l - +0 chain mail
rPois   .            (no helmet)
rElec   .            f - +0 cloak
rCorr   .            (no gloves)
SInv    .            (no boots)
Will    .....        (no amulet) Stlth
                     G - +6 ring of dexterity
HPRegen 0.30/turn    E - +5 ring of evasion
MPRegen 0.11/turn

%: no passive effects
@: corroded, attractive, glowing
A: no striking features
a: Renounce Religion, Smiting


You were on level 5 of the Dungeon.
You worshipped Beogh.
Beogh was pleased with you.
You visited 1 branch of the dungeon, and saw 5 of its levels.

You collected 152 gold pieces.
You spent 150 gold pieces at shops.

Inventory:

Hand Weapons
 a - a +0 hand axe (weapon)
Missiles
 c - 2 throwing nets
 r - 2 poisoned darts
 x - 4 javelins (quivered)
 F - 5 boomerangs
Armour
 b - a +0 robe
 d - an orb of light (worn)
 f - a +0 cloak (worn)
 j - a +0 ring mail
 l - a +0 chain mail (worn)
Jewellery
 h - a +4 ring of protection
 s - a ring of fire
 t - a +4 ring of protection
 A - a ring of wizardry
 E - a +5 ring of evasion (right hand)
 G - a +6 ring of dexterity (left hand)
Wands
 B - a wand of polymorph (10)
Scrolls
 e - 3 scrolls of identify {unknown}
 g - a scroll of fear {unknown}
 p - 5 scrolls of enchant armour
 q - a scroll of teleportation {unknown}
 v - a scroll of vulnerability {unknown}
 y - a scroll of poison {unknown}
 C - a scroll of immolation {unknown}
 D - a scroll of enchant weapon
 H - a scroll of amnesia {unknown}
Potions
 k - 2 potions of attraction
 m - 2 potions of enlightenment {unknown}
 n - a potion of brilliance {unknown}
 o - a potion of degeneration {unknown}
 u - 3 potions of heal wounds {unknown}
 w - a potion of mutation {unknown}
 z - a potion of haste {unknown}


   Skills:
 + Level 5.5 Fighting
 + Level 8.2 Axes
 + Level 0.3 Throwing
 + Level 3.2 Armour
 + Level 2.8 Dodging
 + Level 0.3 Stealth
 + Level 1.6 Invocations


You had 6 spell levels left.
You didn't know any spells.
Your spell library contained the following spells:

 Spells                   Type           Power      Damage    Failure   Level
 Summon Small Mammal      Summ           0%         N/A       99%         1
 Call Canine Familiar     Summ           0%         N/A       100%        3
 Summon Guardian Golem    Hex/Summ       0%         N/A       100%        3


Dungeon Overview and Level Annotations

Branches:
Dungeon (5/15)             Temple (0/1) D:4

Altars:

Shops:
D:2 ?   D:4 [?[:

Annotations:
D:5 Ijyb


Message History

You kill the orc!
Beogh accepts your kill. The hound barely misses you.
You hit the orc wizard but do no damage.
The orc wizard is severely wounded.
You hit the orc.
You kill the orc!
Beogh accepts your kill.
You closely miss the hound. You hit the jelly but do no damage.
The acid corrodes you!
Your hands burn!
The jelly completely misses you. The orc wizard barely misses you.
The hound closely misses you.
You hit the orc wizard but do no damage.
The orc wizard is severely wounded.
You hit the jelly but do no damage.
Your hands burn!
You hit the hound but do no damage. The hound barely misses you.
The jelly closely misses you.
The orc wizard hits you with a +0 dagger.
The hound bites you.
You hit the orc wizard but do no damage.
The orc wizard is severely wounded.
You hit the hound but do no damage. You hit the jelly but do no damage.
The acid corrodes you!
Your hands burn!
The jelly hits you.
You are splashed with acid!
* * * LOW HITPOINT WARNING * * *
The orc wizard gestures at you while chanting.
The puff of flame hits you!
* * * LOW HITPOINT WARNING * * *
The hound bites you.
* * * LOW HITPOINT WARNING * * *
It was a potion of curing.
You feel better. The hound bites you.
* * * LOW HITPOINT WARNING * * *
The jelly hits you.
* * * LOW HITPOINT WARNING * * *
The acid corrodes you!
You are splashed with acid!
* * * LOW HITPOINT WARNING * * *
The orc wizard misses you.
It was a potion of attraction.
You feel attractive to monsters. The hound bites you.
You die...

.8..~ .......####.#..
......=~~...#...#.#.....
..8$8.8~....#...........
.........#....##..8....#
.........#............#
............#....<....#
............###...##.##
......)$....####.##
......h@......##.##
......goJ.........#
...............>###
.....#.........##
...!.##........# ....
##.....#..# #..
#.....###.. #.. #.....#
... ....## ....


You could see Ijyb, a hound, a jelly and an orc wizard (invisible).

Vanquished Creatures
  The ghost of Opifex the Gusty, an amateur MiAE (D:4)
  Menkaure (D:4)
  A scorpion (D:4)
  2 hounds (D:4)
  A gnoll bouda (D:4)
  An orc priest (D:4)
  Natasha (thrice) (D:4)
  4 gnolls (D:4)
  5 adders
  A worm (D:2)
  5 orcs
  3 endoplasms
  A giant cockroach (D:2)
  3 goblins
  3 hobgoblins
  4 jackals (D:1)
  11 kobolds
  4 quokkas
  6 ball pythons
  7 bats
  A frilled lizard (D:2)
  5 rats
73 creatures vanquished.

Vanquished Creatures (others)
  3 quasits (D:4)
  An orc priest (D:4)
  A gnoll (D:4)
  2 orcs (D:4)
  An endoplasm (D:4)
  A ball python (D:4)
  A kobold (D:4)
10 creatures vanquished.

Grand Total: 83 creatures vanquished

Notes
Turn   | Place    | Note
-------+----------+-------------------------------------------
     0 | D:1      | Hajna the Hill Orc Monk began the quest for the Orb.
     0 | D:1      | Reached XP level 1. HP: 19/19 MP: 1/1
    24 | D:1      | Reached XP level 2. HP: 21/27 MP: 2/2
   382 | D:1      | Reached XP level 3. HP: 33/33 MP: 3/3
   627 | D:2      | Reached skill level 5 in Axes
   635 | D:2      | Found Funar's Magic Scroll Shoppe.
   855 | D:2      | You fall into a shaft and drop 1 floor!
   990 | D:2      | Reached XP level 4. HP: 41/41 MP: 4/4
  1317 | D:3      | Found a faded altar of an unknown god.
  1548 | D:4      | Became a worshipper of Beogh the Brigand
  1548 | D:4      | Reached * piety under Beogh
  1548 | D:4      | Reached ** piety under Beogh
  1564 | D:4      | Found Lokuamug's Magic Scroll Shoppe.
  1618 | D:4      | Found Ybbemuub's Armour Shoppe.
  1732 | D:4      | Noticed a scorpion
  1741 | D:4      | Killed a scorpion
  1742 | D:4      | Reached skill level 6 in Axes
  1742 | D:4      | Reached skill level 1 in Armour
  1742 | D:4      | Reached XP level 5. HP: 37/47 MP: 1/5
  1844 | D:4      | Noticed Menkaure
  1864 | D:4      | Killed Menkaure
  1865 | D:4      | Reached XP level 6. HP: 18/55 MP: 6/6
  2009 | D:4      | Reached skill level 5 in Fighting
  2201 | D:4      | Reached skill level 7 in Axes
  2248 | D:4      | Noticed Natasha
  2262 | D:4      | Killed Natasha
  2268 | D:4      | Noticed Natasha
  2278 | D:4      | Killed Natasha
  2279 | D:4      | Reached skill level 1 in Invocations
  2294 | D:4      | Found Ream's Book Shoppe.
  2382 | D:4      | Found a staircase to the Ecumenical Temple.
  2418 | D:4      | Noticed Natasha
  2427 | D:4      | Killed Natasha
  2555 | D:4      | Reached XP level 7. HP: 61/61 MP: 8/8
  2646 | D:4      | Found a transporter.
  2651 | D:4      | Noticed Opifex's ghost (amateur MiAE)
  2662 | D:4      | Found a transporter.
  2697 | D:4      | Found Zunuiqaz's Antique Armour Emporium.
  3013 | D:2      | Bought a scroll of enchant armour for 75 gold pieces
  3013 | D:2      | Bought a scroll of enchant weapon for 75 gold pieces
  3244 | D:4      | Killed Opifex's ghost
  3245 | D:4      | Reached skill level 8 in Axes
  3482 | D:5      | Entered Level 5 of the Dungeon
  3505 | D:5      | Noticed Ijyb
  3512 | D:5      | HP: 3/61 [acid (7)]
  3513 | D:5      | Slain by a hound

Illustrated notes

Levels and vault maps discovered:
D:1:      lightli_arrival_noodles, layout_rooms, minmay_tetromino_o2
D:2:      layout_basic, serial_shops, shop
D:3:      layout_basic, basic_ecumenical_altar
D:4:      layout_gridville, minmay_temple_entry_proselytizer,
          gammafunk_ghost_stat_death, serial_shops, shop, shop,
          nicolae_diamond_shop, nicolae_shop_tiny_real_fake_doors,
          hangedman_abyss_or_decor_stabs, kennysheep_generic_room_9,
          uniq_menkaure, uniq_natasha
D:5:      layout_cave_pools, vehumet_statue, amethyst_overflow_temple_binary,
          serial_column_ruins, column_ruins_square_medium, column_ruins_grid_1,
          column_ruins_corridor_water, column_ruins_open_small,
          column_ruins_grid_1, column_ruins_grid_2, uniq_sigmund, uniq_ijyb

Skill      XL: |  1  2  3  4  5  6  7 |
---------------+----------------------+-----
Fighting       | 4 5 |  5.5
Axes           | 5 6 7 8 |  8.2
Armour         | 1 2 3 |  3.2
Invocations    | 1 |  1.6
Throwing       | |  0.3
Dodging        | |  2.8
Stealth        | |  0.3

Action                     |  1- 3 |  4- 6 |  7- 9 || total
---------------------------+-------+-------+-------++-------
  Melee: Hand axe          |   117 |    98 |    46 ||   261
  Throw: Dart              |       |     2 |       ||     2
         Javelin           |       |     3 |       ||     3
 Invoke: Smiting           |       |     1 |       ||     1
         Convert to Beogh  |       |     1 |       ||     1
    Use: Potion            |       |     1 |     2 ||     3
 Armour: Robe              |    21 |       |       ||    21
         Chain mail        |    24 |    38 |    36 ||    98
         Ring mail         |    11 |       |       ||    11
  Dodge: Dodged            |    69 |    45 |    67 ||   181

Table legend: (Time is in decaauts)
 A = Elapsed time spent in this place.
 B = Non-inter-level travel time spent in this place.
 C = Inter-level travel time spent in this place.
 D = Time resting spent in this place.
 E = Time spent auto-exploring this place.
 F = Levels seen in this place.
 G = Mean time per level.
                   A        B        C        D        E       F      G
               +--------+--------+--------+--------+--------+-----+--------+
         Total |   3511 |   3249 |    262 |      0 |   2713 |   5 |  702.2 |
       Dungeon |   3511 |   3249 |    262 |      0 |   2713 |   5 |  702.2 |
               +--------+--------+--------+--------+--------+-----+--------+

Top non-repeatable levels by time:
     D:4: 1714 daAuts
     D:2: 710 daAuts
     D:1: 590 daAuts
     D:3: 467 daAuts
     D:5: 29 daAuts
